 Dungeon Crawl Stone Soup version 0.25-a0-861-g340c9e8 (webtiles) character file.

Game seed: 15773477745577359156, levelgen mode: deterministic

209 BlueFish the Insei (level 5, -6/34 HPs)
             Began as an Octopode Transmuter on Apr 30, 2020.
             Mangled by Menkaure (22 damage)
             ... on level 4 of the Dungeon.
             The game lasted 00:08:08 (2848 turns).

BlueFish the Insei (Octopode Transmuter)            Turns: 2848, Time: 00:08:09

Health: -6/34      AC:  2    Str: 10    XL:     5   Next: 87%
Magic:  5/8        EV: 20    Int: 16    God:
Gold:   155        SH:  0    Dex: 17    Spells: 2/8 levels left

rFire    . . .     SeeInvis .     - Unarmed
rCold    . . .     Gourm    .   (shield currently unavailable)
rNeg     . . .     Faith    .   (helmet currently unavailable)
rPois    x         Spirit   .   (no amulet)
rElec    .         Reflect  .   (no ring)
rCorr    .         Harm     .   (no ring)
MR       .....                  (no ring)
Stlth    ++........             (no ring)
HPRegen  0.11/turn              (no ring)
MPRegen  0.11/turn              (no ring)
                                (no ring)
                                (no ring)

@: spider-form (expiring), very slightly contaminated
A: tiny, almost no armour, stealthy swim, (amphibious), 8 rings, (constrict 8)
a: End Transformation


You were on level 4 of the Dungeon.
You were hungry.
You were a venomous arachnid creature.
You visited 1 branch of the dungeon, and saw 4 of its levels.

You collected 155 gold pieces.

Inventory:

Missiles
 a - 60 arrows
Scrolls
 b - 3 scrolls of magic mapping
 e - 2 scrolls of fog
 g - a scroll of teleportation
 h - 2 scrolls of amnesia
Potions
 d - 2 potions of curing {unknown}
 i - a potion of resistance {unknown}
 j - a potion of might {unknown}
Comestibles
 c - 11 rations
 f - 5 chunks of flesh


   Skills:
 * Level 1.8 Fighting
 * Level 2.7 Dodging
 * Level 2.6 Stealth
 * Level 4.1 Unarmed Combat
 + Level 2.4 Spellcasting
 * Level 3.0 Transmutations
 * Level 1.3 Poison Magic


You had 2 spell levels left.
You knew the following spells:

 Your Spells              Type           Power        Failure   Level  Hunger
a - Beastly Appendage     Tmut           ##....       16%         1    #......
b - Sticks to Snakes      Tmut           ##......     22%         2    ###....
c - Spider Form           Tmut/Pois      #.........   45%         3    ###....

Your spell library contained the following spells:

 Spells                   Type           Power        Failure   Level  Hunger
 Ice Form                 Ice/Tmut       #.......     87%         4    #####..
 Blade Hands              Tmut           ##........   94%         5    ######.


Dungeon Overview and Level Annotations

Branches:
Dungeon (4/15)
 Temple: D:4-7

Altars:

Annotations:
D:2 Sigmund
D:4 Menkaure


Innate Abilities, Weirdness & Mutations

You cannot wear most types of armour.
You are very stealthy in the water. (Stealth+)
((You are amphibious.))
You can wear up to eight rings at the same time.
((You can use your tentacles to constrict eight enemies at once.))
((Your skin changes colour to match your surroundings (Stealth+).))
((Your rubbery body absorbs attacks. (AC +1, EV +1)))


Message History

You hit Menkaure.
Menkaure is lightly damaged.
Menkaure hits you!!
Ouch! That really hurt!
You hit Menkaure.
Menkaure is moderately damaged.
Menkaure barely misses you.
You hit Menkaure but do no damage.
Menkaure is moderately damaged.
Menkaure misses you.
You hit Menkaure.
Menkaure is moderately damaged.
You hit Menkaure but do no damage.
Menkaure is moderately damaged.
Menkaure closely misses you.
You completely miss Menkaure.
Menkaure is moderately damaged.
Menkaure hits you!!
Ouch! That really hurt!
You die...

######### #..
....# #M# ##..# ##
#s###...## ##.
#.##.....#######..
#................#
#........#######..
#.##....## ##.
#.##.#.## ##
#......# #
######## ####### #
#.....# #


You could see Menkaure.

Vanquished Creatures
  A scorpion (D:4)
  A howler monkey (D:4)
  Terence (D:3)
  3 adders
  2 oozes (D:2)
  An adder zombie (D:3)
  2 worms
  3 dart slugs (D:2)
  2 leopard geckos
  5 bats
  A giant cockroach (D:4)
  10 hobgoblins
  2 quokkas
  5 frilled lizards
  7 goblins
  A jackal skeleton (D:4)
  7 kobolds
  A quokka skeleton (D:4)
  5 rats
60 creatures vanquished.

Notes
Turn   | Place    | Note
-------+----------+-------------------------------------------
     0 | D:1      | BlueFish the Octopode Transmuter began the quest for the
                  | Orb.
     0 | D:1      | Reached XP level 1. HP: 13/13 MP: 3/3
   469 | D:1      | Reached XP level 2. HP: 13/18 MP: 3/5
   471 | D:1      | Reached skill level 1 in Stealth
   745 | D:2      | Noticed Sigmund
  1004 | D:2      | Learned a level 2 spell: Sticks to Snakes
  1216 | D:2      | Reached XP level 3. HP: 19/23 MP: 6/6
  1616 | D:2      | Reached XP level 4. HP: 28/28 MP: 5/7
  1624 | D:2      | Learned a level 3 spell: Spider Form
  1660 | D:2      | Found a faded altar of an unknown god.
  2029 | D:3      | Noticed Terence
  2039 | D:3      | Killed Terence
  2447 | D:3      | Reached XP level 5. HP: 33/33 MP: 6/8
  2662 | D:4      | Reached skill level 4 in Unarmed Combat
  2662 | D:4      | Reached skill level 1 in Poison Magic
  2819 | D:4      | Noticed Menkaure
  2848 | D:4      | Mangled by Menkaure

Levels and vault maps discovered:
D:1:      sevenhm_arrival_forest_fort_large_2, layout_basic,
          hangedman_abyss_or_decor_stabs
D:2:      layout_rooms, chequers_ecumenical_altar_island, uniq_sigmund
D:3:      layout_rooms, nicolae_overflow_hidden_temple, first_ration,
          uniq_terence
D:4:      layout_loops_cross, nicolae_qazlal_eye_of_the_storm, uniq_menkaure,
          uniq_crazy_yiuf_cottage

Skill      XL: |  1  2  3  4  5 |
---------------+----------------+-----
Stealth        | 1 2 |  2.6
Unarmed Combat | 4 |  4.1
Poison Magic   | 1 |  1.3
Transmutations | 3 |  3.0
Fighting       | |  1.8
Dodging        | |  2.7
Spellcasting   | |  2.4

Action                   |  1- 3 |  4- 6 || total
-------------------------+-------+-------++-------
Melee: Unarmed           |    69 |    66 ||   135
       Constrict         |    21 |    17 ||    38
       Tentacles         |     7 |    11 ||    18
       Kick              |    18 |    18 ||    36
       Punch             |     2 |     2 ||     4
 Cast: Beastly Appendage |    21 |    16 ||    37
       Sticks to Snakes  |     1 |     5 ||     6
       Spider Form       |       |     1 ||     1
  Use: Scroll            |       |    10 ||    10
 Stab: Sleeping          |     2 |     6 ||     8
  Eat: Chunk             |     3 |     4 ||     7
Armor: Skin              |     4 |     3 ||     7
Dodge: Dodged            |    43 |    31 ||    74

Table legend:
 A = Non-vault XP
 B = Vault XP
 C = Vault XP percentage of total XP
 D = Non-vault monster count
 E = Vault monster count
 F = Vault count percentage of total count
                 A         B        C        D         E       F
            +---------+---------+-------+---------+---------+-------
      Total |     263 |      36 |  12.0 |      59 |       1 |   1.7
            +---------+---------+-------+---------+---------+-------
        D:1 |      14 |       0 |   0.0 |      11 |       0 |   0.0
        D:2 |      76 |       0 |   0.0 |      27 |       0 |   0.0
        D:3 |      41 |      36 |  46.8 |      14 |       1 |   6.7
        D:4 |     132 |       0 |   0.0 |       7 |       0 |   0.0
            +---------+---------+-------+---------+---------+-------
